 Dungeon Crawl Stone Soup version 0.23-a0-49-gd9f7a49668 (webtiles) character file.

26108 bobbeh the Blocker (level 13, -1/103 HPs)
             Began as a Gnoll Fighter on Aug 5, 2018.
             Was a High Priest of Okawaru.
             Killed by divine providence
             ... invoked by an orc priest
              (12 damage)
             ... on level 2 of the Orcish Mines on Aug 6, 2018.
             The game lasted 00:49:35 (17152 turns).

bobbeh the Blocker (Gnoll Fighter)                 Turns: 17152, Time: 00:49:36

Health: -1/103     AC: 22    Str: 23      XL:     13   Next: 23%
Magic:  25/25      EV: 11    Int:  7 (10) God:    Okawaru [*****.]
Gold:   866        SH:  0    Dex: 16      Spells: 28/28 levels left

rFire    . . .     SeeInvis .   P - +0 great mace (protect)
rCold    . . .     Gourm    .   (shield currently unavailable)
rNeg     . . .     Faith    +   L - +0 plate armour
rPois    +         Spirit   .   Q - +1 hat {MR+}
rElec    .         Reflect  .   v - +0 cloak
rCorr    .         Harm     .   m - +0 pair of gloves
MR       +....                  g - +0 pair of boots
Stlth    ..........             E - amulet of faith
HPRegen  0.27/turn              n - ring of poison resistance
MPRegen  0.19/turn              D - +3 ring of protection

@: about to teleport, drained
A: distributed training, fangs 1, strong nose
a: Heroism, Finesse, Renounce Religion


You were on level 2 of the Orcish Mines.
You worshipped Okawaru.
Okawaru was extremely pleased with you.
You were not hungry.

You visited 4 branches of the dungeon, and saw 16 of its levels.

You collected 1640 gold pieces.
You spent 774 gold pieces at shops.

Inventory:

Hand Weapons
 F - a +2 flail of crushing
 N - the +6 battleaxe of Iconoclasm {chop, Int+2}
   (You found it on level 8 of the Dungeon)

   It inflicts extra damage upon your enemies.
   It affects your intelligence (+2).
 P - a +0 great mace of protection (weapon)
Missiles
 T - 30 sling bullets
Armour
 c - a +0 shield
 g - a +0 pair of boots (worn)
 m - a +0 pair of gloves (worn)
 v - a +0 cloak (worn)
 L - a +0 plate armour (worn)
 Q - a +1 hat of magic resistance (worn)
 S - a +0 troll leather armour
Jewellery
 b - an uncursed ring of resist corrosion
 n - a ring of poison resistance (left hand)
 u - an uncursed ring of teleportation
 y - an uncursed amulet of rage {unknown}
 z - an uncursed ring of fire
 A - an uncursed amulet of guardian spirit
 D - a +3 ring of protection (right hand)
 E - an amulet of faith (around neck)
 O - an uncursed ring of ice
Wands
 w - a wand of iceblast (21)
 I - a wand of flame (22)
 J - a wand of paralysis (12)
Scrolls
 a - 3 scrolls of identify
 h - 3 scrolls of amnesia {unknown}
 i - 2 scrolls of teleportation
 j - 4 scrolls of blinking
 l - 4 scrolls of magic mapping
 o - 7 scrolls of remove curse
 t - 3 scrolls of enchant weapon {unknown}
 x - a scroll of vulnerability {unknown}
 C - 4 scrolls of enchant armour {unknown}
 G - 2 scrolls of fog {unknown}
 K - 3 scrolls of noise {unknown}
 M - a scroll of holy word {unknown}
Potions
 d - a potion of might
 k - 4 potions of brilliance
 p - 7 potions of lignification
 q - 5 potions of curing
 r - a potion of cancellation
 s - 2 potions of degeneration
 H - 2 potions of agility {unknown}
 R - 2 potions of mutation {unknown}
Comestibles
 f - 21 rations


   Skills:
 + Level 10.3(9.9) Fighting
 + Level 8.0(7.6) Short Blades
 + Level 8.0(7.6) Long Blades
 + Level 8.0(7.6) Axes
 + Level 9.2(8.9) Maces & Flails
 + Level 8.0(7.6) Polearms
 + Level 8.0(7.6) Staves
 + Level 8.0(7.6) Slings
 + Level 8.0(7.6) Bows
 + Level 8.0(7.6) Crossbows
 + Level 8.0(7.6) Throwing
 + Level 10.3(9.9) Armour
 + Level 8.0(7.6) Dodging
 + Level 8.0(7.6) Stealth
 + Level 10.3(9.9) Shields
 + Level 8.0(7.6) Unarmed Combat
 + Level 8.0(7.6) Spellcasting
 + Level 6.6(6.3) Conjurations
 + Level 6.6(6.3) Hexes
 + Level 6.6(6.3) Charms
 + Level 6.6(6.3) Summonings
 + Level 6.6(6.3) Necromancy
 + Level 6.6(6.3) Translocations
 + Level 6.6(6.3) Transmutations
 + Level 6.6(6.3) Fire Magic
 + Level 6.6(6.3) Ice Magic
 + Level 6.6(6.3) Air Magic
 + Level 6.6(6.3) Earth Magic
 + Level 6.6(6.3) Poison Magic
 + Level 8.7(8.4) Invocations
 + Level 8.0(7.6) Evocations


You had 28 spell levels left.
You didn't know any spells.
Your spell library contained the following spells:

 Spells                   Type           Power        Failure   Level  Hunger
 Apportation              Tloc           ##....       19%         1    None
 Conjure Flame            Conj/Fire      ##......     50%         3    ###....
 Confuse                  Hex            ##......     50%         3    ###....
 Freezing Cloud           Conj/Ice/Air   ##........   100%        6    #######
 Mephitic Cloud           Conj/Pois/Air  ##......     50%         3    ###....
 Ring of Flames           Chrm/Fire      ##........   100%        7    #######
 Summon Small Mammal      Summ           ##..         19%         1    None
 Animate Skeleton         Necr           N/A          19%         1    None
 Tukima's Dance           Hex            ##......     50%         3    ###....
 Confusing Touch          Hex            ##....       19%         1    None
 Ensorcelled Hibernation  Hex/Ice        ##....       28%         2    ##.....
 Corona                   Hex            ##.....      19%         1    None
 Dazzling Spray           Conj/Hex       ##....       50%         3    ###....
 Poisonous Vapours        Pois/Air       ##....       28%         2    ##.....


Dungeon Overview and Level Annotations

Branches:
Dungeon (11/15)            Temple (1/1) D:4            Lair (2/6) D:8
  Swamp (0/4) Lair:2          Orc (2/2) D:9             Elf (0/3) Orc:2
  Snake: Lair:2-4    Spider: Lair:2-4

Altars:
Ashenzari
Cheibriados
Dithmenos
Elyvilon
Fedhas
Gozag
Hepliaklqana
Kikubaaqudgha
Makhleb
Nemelex Xobeh
Okawaru
Qazlal
Ru
Sif Muna
Trog
Uskayaw
Vehumet
Wu Jian
Xom
Yredelemnul
Zin
The Shining One
Beogh

Shops:
D:4 *   D:7 [*(?   Orc:2 !

Annotations:
D:11 1 runed door


Innate Abilities, Weirdness & Mutations

Your experience applies equally to all skills.
You have very sharp teeth.
Your uncanny sense of smell can sniff out nearby items.


Message History

You hit the crimson imp but do no damage.
Your weapon exudes an aura of protection.
The crimson imp barely misses you. The ufetubus hits you.
* * * LOW HITPOINT WARNING * * *
The ufetubus hits you but does no damage.
The ufetubus hits you but does no damage.
The ufetubus hits you.
* * * LOW HITPOINT WARNING * * *
The orc priest calls down the wrath of Beogh upon you.
Beogh smites you!
* * * LOW HITPOINT WARNING * * *
The ufetubus hits you but does no damage.
The ufetubus closely misses you.
Unknown command.
As you read the scroll of teleportation, it crumbles to dust.
You feel strangely unstable. The ufetubus barely misses you. x2
The orc priest mumbles some strange prayers to Beogh against you.
Beogh smites you!
You die...

.......###........#.........#
.........##................##
..........###.##)#).#.5.....#
......#..#######...5.#.#...##
....(..####.##..3..5###....#
#..)[).#(#......3.o4# ##..##
.#..#([)[...##.5o#o## ####
######(#......#.55..# .#
#####.....5@5.## ##
#......#..## ## #.......###
.# ###...### .# #§...## ###
##...≈### ≈§### ##≈...≈≈≈#
§§≈≈## #≈....≈≈≈#
.≈§#.####....≈§≈##


You could see 2 orc high priests, a rust devil, a neqoxec, a ynoxinul, an iron
imp, an orc priest, a crimson imp and 5 ufetubi.

Vanquished Creatures
  Gastronok (Lair:1)
  Josephine (D:10)
  Snorg (Orc:1)
  Erolcha (D:9)
  Fannar (Lair:1)
  Erica (D:8)
  2 two-headed ogres
  Urug (Lair:1)
  An unseen horror (D:11)
  Pikel (D:8)
  2 orc knights (Orc:2)
  A manticore (D:11)
  Joseph (D:7)
  3 elephants (Lair:2)
  A black mamba (Lair:2)
  A spiny frog (Lair:1)
  5 trolls
  3 hornets (D:9)
  A hippogriff (D:9)
  6 wraiths
  A fire elemental (Orc:2)
  18 yaks
  A hungry ghost (D:8)
  Menkaure (D:7)
  3 wargs
  4 water moccasins
  3 porcupines (Lair:2)
  22 orc warriors
  2 eyes of draining (D:9)
  An ice beast (D:9)
  A black bear (D:7)
  7 ogres
  2 sky beasts
  2 slaves (D:8)
  3 centaurs
  A crocodile (Lair:2)
  2 big kobolds (D:7)
  2 bullfrogs
  2 wyvern skeletons (D:9)
  2 scorpions (D:5)
  12 killer bees
  2 water moccasin skeletons
  5 wights (D:9)
  A howler monkey (D:11)
  3 electric eels
  2 bullfrog zombies
  4 crimson imps
  17 orc priests
  7 hounds
  4 jellies
  33 orc wizards
  Crazy Yiuf (D:3)
  2 centaur skeletons
  2 bullfrog skeletons
  Natasha (thrice) (D:3)
  4 iguanas
  12 worker ants
  A hound zombie (D:5)
  3 hound skeletons
  A worker ant zombie (D:7)
  4 gnolls
  15 adders
  2 shadow imps
  An ooze (D:7)
  2 adder zombies
  3 worms
  A dart slug (D:2)
  2 leopard geckos (D:7)
  84 orcs
  9 bats
  6 giant cockroaches
  3 goblins
  6 hobgoblins
  11 jackals
  14 kobolds
  2 quokkas
  A ball python (D:8)
  6 frilled lizards
  A leopard gecko skeleton (D:4)
  A leopard gecko zombie (D:7)
  A quokka skeleton (D:9)
  10 rats
  A fungus (Lair:2)
  A plant (D:6)
421 creatures vanquished.

Vanquished Creatures (others)
  A slave (D:8)
  2 orc priests (Orc:2)
  A fire vortex (Orc:2)
  2 plants (Lair:2)
6 creatures vanquished.

Grand Total: 427 creatures vanquished

Notes
Turn   | Place    | Note
-------+----------+-------------------------------------------
     0 | D:1      | bobbeh the Gnoll Fighter began the quest for the Orb.
     0 | D:1      | Reached XP level 1. HP: 23/23 MP: 1/1
   117 | D:1      | Reached XP level 2. HP: 29/29 MP: 2/2
   370 | D:1      | Reached XP level 3. HP: 34/35 MP: 3/3
   806 | D:2      | Found a hazy altar of Hepliaklqana.
   965 | D:2      | Found a shadowy altar of Dithmenos.
   975 | D:2      | Reached skill level 1 in Invocations
  1089 | D:2      | Reached skill level 1 in Short Blades
  1089 | D:2      | Reached skill level 1 in Long Blades
  1089 | D:2      | Reached skill level 1 in Axes
  1089 | D:2      | Reached skill level 1 in Polearms
  1089 | D:2      | Reached skill level 1 in Staves
  1089 | D:2      | Reached skill level 1 in Slings
  1089 | D:2      | Reached skill level 1 in Bows
  1089 | D:2      | Reached skill level 1 in Crossbows
  1089 | D:2      | Reached skill level 1 in Throwing
  1089 | D:2      | Reached skill level 1 in Dodging
  1089 | D:2      | Reached skill level 1 in Stealth
  1089 | D:2      | Reached skill level 1 in Unarmed Combat
  1089 | D:2      | Reached skill level 1 in Spellcasting
  1089 | D:2      | Reached skill level 1 in Evocations
  1141 | D:2      | Reached XP level 4. HP: 41/41 MP: 5/5
  1525 | D:3      | Found a runed door.
  1555 | D:3      | Noticed Natasha
  1562 | D:3      | Killed Natasha
  1562 | D:3      | Reached skill level 1 in Conjurations
  1562 | D:3      | Reached skill level 1 in Hexes
  1562 | D:3      | Reached skill level 1 in Charms
  1562 | D:3      | Reached skill level 1 in Summonings
  1562 | D:3      | Reached skill level 1 in Necromancy
  1562 | D:3      | Reached skill level 1 in Translocations
  1562 | D:3      | Reached skill level 1 in Transmutations
  1562 | D:3      | Reached skill level 1 in Fire Magic
  1562 | D:3      | Reached skill level 1 in Ice Magic
  1562 | D:3      | Reached skill level 1 in Air Magic
  1562 | D:3      | Reached skill level 1 in Earth Magic
  1562 | D:3      | Reached skill level 1 in Poison Magic
  1700 | D:3      | Noticed Natasha
  1709 | D:3      | Killed Natasha
  1709 | D:3      | Reached XP level 5. HP: 47/47 MP: 5/7
  1792 | D:3      | Noticed Natasha
  1799 | D:3      | Killed Natasha
  1836 | D:3      | Found a shattered altar of Ashenzari.
  1991 | D:3      | Reached XP level 6. HP: 33/53 MP: 8/8
  2071 | D:3      | Noticed Crazy Yiuf
  2074 | D:3      | Killed Crazy Yiuf
  2167 | D:4      | Found Naefoz's General Store.
  2318 | D:4      | Found a hide-covered altar of Uskayaw.
  2322 | D:4      | Reached skill level 5 in Maces & Flails
  2387 | D:4      | Found a staircase to the Ecumenical Temple.
  2679 | D:5      | Entered Level 5 of the Dungeon
  2704 | D:5      | Reached XP level 7. HP: 51/60 MP: 10/10
  3175 | D:6      | Reached XP level 8. HP: 64/67 MP: 10/12
  4270 | D:7      | Noticed Joseph
  4300 | D:7      | Killed Joseph
  4596 | D:7      | Found Rusunwa's General Store.
  4613 | D:7      | Bought a +3 ring of protection for 294 gold pieces
  4677 | D:7      | Reached XP level 9. HP: 60/72 MP: 14/14
  4757 | D:7      | Found Xuff's Armour Boutique.
  5109 | D:7      | Found Koluosuq's Weapon Shoppe.
  5110 | D:7      | Found Utozeemiwo's Magic Scroll Shop.
  5304 | D:7      | Noticed Menkaure
  5309 | D:7      | Killed Menkaure
  5857 | D:8      | Noticed Pikel
  5896 | D:8      | Killed Pikel
  5896 | D:8      | Reached skill level 5 in Invocations
  6086 | D:8      | Noticed Erica
  6109 | D:8      | Killed Erica
  6109 | D:8      | Reached XP level 10. HP: 17/80 MP: 1/17
  6560 | D:8      | Found a staircase to the Lair.
  6566 | D:8      | Reached skill level 5 in Short Blades
  6566 | D:8      | Reached skill level 5 in Long Blades
  6566 | D:8      | Reached skill level 5 in Axes
  6566 | D:8      | Reached skill level 5 in Polearms
  6566 | D:8      | Reached skill level 5 in Staves
  6566 | D:8      | Reached skill level 5 in Slings
  6566 | D:8      | Reached skill level 5 in Bows
  6566 | D:8      | Reached skill level 5 in Crossbows
  6566 | D:8      | Reached skill level 5 in Throwing
  6566 | D:8      | Reached skill level 5 in Dodging
  6566 | D:8      | Reached skill level 5 in Stealth
  6566 | D:8      | Reached skill level 5 in Unarmed Combat
  6566 | D:8      | Reached skill level 5 in Spellcasting
  6566 | D:8      | Reached skill level 5 in Evocations
  7042 | D:8      | Got a faintly glowing battleaxe
  7048 | D:8      | Identified the +6 battleaxe of Iconoclasm {chop, Int+2} (You found it on level 8 of the Dungeon)
  7412 | D:9      | Noticed Erolcha
  7482 | Lair:1   | Entered Level 1 of the Lair of Beasts
  7588 | Lair:1   | Noticed Fannar
  7627 | Lair:1   | Killed Fannar
  7831 | Lair:1   | Noticed Urug
  7851 | Lair:1   | Killed Urug
  7851 | Lair:1   | Reached XP level 11. HP: 80/87 MP: 17/19
  7882 | Lair:1   | Noticed Gastronok
  7897 | Lair:1   | Killed Gastronok
  7897 | Lair:1   | Reached skill level 5 in Conjurations
  7897 | Lair:1   | Reached skill level 5 in Hexes
  7897 | Lair:1   | Reached skill level 5 in Charms
  7897 | Lair:1   | Reached skill level 5 in Summonings
  7897 | Lair:1   | Reached skill level 5 in Necromancy
  7897 | Lair:1   | Reached skill level 5 in Translocations
  7897 | Lair:1   | Reached skill level 5 in Transmutations
  7897 | Lair:1   | Reached skill level 5 in Fire Magic
  7897 | Lair:1   | Reached skill level 5 in Ice Magic
  7897 | Lair:1   | Reached skill level 5 in Air Magic
  7897 | Lair:1   | Reached skill level 5 in Earth Magic
  7897 | Lair:1   | Reached skill level 5 in Poison Magic
  8939 | Temple   | Entered the Ecumenical Temple
  9066 | Temple   | Became a worshipper of Warmaster Okawaru
  9183 | D:9      | Killed Erolcha
  9232 | D:9      | Reached * piety under Okawaru
  9917 | D:9      | Reached ** piety under Okawaru
 10214 | D:9      | Found a staircase to the Orcish Mines.
 10598 | D:10     | Entered Level 10 of the Dungeon
 11053 | D:10     | Reached *** piety under Okawaru
 11062 | D:10     | Reached XP level 12. HP: 96/96 MP: 22/22
 11130 | D:10     | Noticed Josephine
 11141 | D:10     | Killed Josephine
 11141 | D:10     | Received a gift from Okawaru
 11603 | D:11     | Reached **** piety under Okawaru
 11711 | D:11     | Received a gift from Okawaru
 11940 | D:11     | Noticed a two-headed ogre
 11948 | D:11     | Killed a two-headed ogre
 12080 | D:11     | Found a white marble altar of Elyvilon.
 12084 | D:11     | Found a runed door.
 12084 | D:11     | Noticed an angel
 12762 | Lair:2   | Found a staircase to the Swamp.
 13070 | Lair:2   | Reached ***** piety under Okawaru
 13249 | Orc:1    | Entered Level 1 of the Orcish Mines
 13357 | D:9      | Reached skill level 10 in Fighting
 13357 | D:9      | Reached skill level 10 in Armour
 13357 | D:9      | Reached skill level 10 in Shields
 13435 | Orc:1    | Received a gift from Okawaru
 13895 | Orc:2    | Entered Level 2 of the Orcish Mines
 14286 | Orc:2    | Found a roughly hewn altar of Beogh.
 14290 | Orc:2    | Noticed a two-headed ogre
 14302 | Orc:2    | Killed a two-headed ogre
 14361 | Orc:2    | Reached XP level 13. HP: 69/103 MP: 24/24
 14660 | Orc:2    | Received a gift from Okawaru
 15596 | Orc:2    | Found a staircase to the Elven Halls.
 15738 | Orc:2    | Found Uroh Kem's Distillery.
 15911 | Orc:1    | Found Roin Oqoim's Food Shoppe.
 15912 | Orc:1    | Upgraded the game from 0.23-a0-33-g1e3a2e4e2f to 0.23-a0-49-gd9f7a49668
 16235 | Orc:1    | Bought a ration for 60 gold pieces
 16235 | Orc:1    | Bought a ration for 60 gold pieces
 16235 | Orc:1    | Bought a ration for 60 gold pieces
 16235 | Orc:1    | Bought a ration for 60 gold pieces
 16235 | Orc:1    | Bought a ration for 60 gold pieces
 16235 | Orc:1    | Bought a ration for 60 gold pieces
 16235 | Orc:1    | Bought a ration for 60 gold pieces
 16235 | Orc:1    | Bought a ration for 60 gold pieces
 16385 | Orc:1    | Noticed Snorg
 16408 | Orc:1    | Killed Snorg
 17152 | Orc:2    | Killed from afar by an orc priest

Vault maps used:
D:1:      dpeg_arrival_pits
D:2:      grunt_dithmenos_smoke_and_mirrors, overflow_temple_1_default
D:3:      old_standard_altar, uniq_natasha, uniq_crazy_yiuf_cottage
D:4:      eat_drink_and_be_merry_uskayaw, temple_fountains, serial_shops,
          shop_statue, first_ration
D:6:      chequers_big_river, grunt_decor_one_mirror, roderic_lattice_a,
          kennysheep_crisscross
D:7:      serial_shops, nicolae_shop_window_shopping, shop,
          nicolae_shop_waterfront, shop_fountains, uniq_joseph, uniq_menkaure
D:8:      erik_lair_orcish_takeover, uniq_pikel, uniq_erica
D:9:      david_orc_4, hangedman_pestilent_swarm, uniq_erolcha
D:10:     kennysheep_big_empty_room, uniq_josephine
D:11:     lemuel_angel_altar
Temple:   regret_index_temple_mists
Lair:1:   infiniplex_staircase_pool, grunt_megastairs_4, uniq_gastronok,
          uniq_urug, uniq_fannar
Lair:2:   swamp_mist_pool, spider_nest_entry_a, minmay_lair_oklob_chamber,
          grunt_megastairs_2
Orc:1:    serial_shops, shop, uniq_snorg
Orc:2:    st_orc_elflike, basic_altar, nicolae_orc_lava_tube

Skill      XL: |  1  2  3  4  5  6  7  8  9 10 11 12 13 |
---------------+----------------------------------------+-----
Invocations    | 1 2 3 4 5 6 7 8 |  8.7
Short Blades   | 1 2 3 4 5 6 7 8 |  8.0
Long Blades    | 1 2 3 4 5 6 7 8 |  8.0
Axes           | 1 2 3 4 5 6 7 8 |  8.0
Polearms       | 1 2 3 4 5 6 7 8 |  8.0
Staves         | 1 2 3 4 5 6 7 8 |  8.0
Slings         | 1 2 3 4 5 6 7 8 |  8.0
Bows           | 1 2 3 4 5 6 7 8 |  8.0
Crossbows      | 1 2 3 4 5 6 7 8 |  8.0
Throwing       | 1 2 3 4 5 6 7 8 |  8.0
Dodging        | 1 2 3 4 5 6 7 8 |  8.0
Stealth        | 1 2 3 4 5 6 7 8 |  8.0
Unarmed Combat | 1 2 3 4 5 6 7 8 |  8.0
Spellcasting   | 1 2 3 4 5 6 7 8 |  8.0
Evocations     | 1 2 3 4 5 6 7 8 |  8.0
Conjurations   | 1 2 3 4 5 6 |  6.6
Hexes          | 1 2 3 4 5 6 |  6.6
Charms         | 1 2 3 4 5 6 |  6.6
Summonings     | 1 2 3 4 5 6 |  6.6
Necromancy     | 1 2 3 4 5 6 |  6.6
Translocations | 1 2 3 4 5 6 |  6.6
Transmutations | 1 2 3 4 5 6 |  6.6
Fire Magic     | 1 2 3 4 5 6 |  6.6
Ice Magic      | 1 2 3 4 5 6 |  6.6
Air Magic      | 1 2 3 4 5 6 |  6.6
Earth Magic    | 1 2 3 4 5 6 |  6.6
Poison Magic   | 1 2 3 4 5 6 |  6.6
Maces & Flails | 5 6 7 8 9 |  9.2
Fighting       | 7 8 9 10 | 10.3
Armour         | 7 8 9 10 | 10.3
Shields        | 7 8 9 10 | 10.3

Action                   |  1- 3 |  4- 6 |  7- 9 | 10-12 | 13-15 || total
-------------------------+-------+-------+-------+-------+-------++-------
Melee: Flail             |    99 |   180 |   457 |   159 |       ||   895
       Bite              |    10 |    22 |    62 |   127 |    34 ||   255
       Great mace        |       |       |       |   672 |   245 ||   917
Invok: Heroism           |       |       |       |     7 |     2 ||     9
       Finesse           |       |       |       |     1 |     3 ||     4
  Use: Scroll            |       |     6 |       |     7 |     2 ||    15
       Potion            |       |       |     1 |     6 |     4 ||    11
 Stab: Sleeping          |       |       |     1 |     1 |       ||     2
  Eat: Chunk             |       |     3 |     4 |    10 |     2 ||    19
       Ration            |       |     2 |     1 |     8 |     2 ||    13
Armor: Scale mail        |    30 |    65 |   167 |    26 |       ||   288
       Plate armour      |       |       |       |   725 |   284 ||  1009
Dodge: Dodged            |    33 |    44 |   168 |   652 |   221 ||  1118
Block: Shield            |    67 |   111 |   265 |   102 |       ||   545

Table legend:
 A = Spawn XP
 B = Non-spawn XP
 C = Spawn XP percentage of total XP
 D = Spawn monster count
 E = Non-spawn monster count
 F = Spawn count percentage of total count
 G = Total turns spent on level
                    A         B        C        D         E        F      G
               +---------+---------+-------+---------+---------+-------+---------
         Total |       0 |   37298 |   0.0 |       0 |     417 |   0.0 | 17152
               +---------+---------+-------+---------+---------+-------+---------
           D:1 |       0 |      47 |   0.0 |       0 |      29 |   0.0 |   743
           D:2 |       0 |      54 |   0.0 |       0 |      17 |   0.0 |   606
           D:3 |       0 |     298 |   0.0 |       0 |      25 |   0.0 |   785
           D:4 |       0 |     174 |   0.0 |       0 |      14 |   0.0 |   589
           D:5 |       0 |     568 |   0.0 |       0 |      12 |   0.0 |   489
           D:6 |       0 |     302 |   0.0 |       0 |      15 |   0.0 |  1429
           D:7 |       0 |    2010 |   0.0 |       0 |      50 |   0.0 |  1233
           D:8 |       0 |    3026 |   0.0 |       0 |      28 |   0.0 |  1845
           D:9 |       0 |    5164 |   0.0 |       0 |      70 |   0.0 |  1613
          D:10 |       0 |    3996 |   0.0 |       0 |      24 |   0.0 |   933
          D:11 |       0 |    3346 |   0.0 |       0 |      16 |   0.0 |  1139
        Lair:1 |       0 |    5734 |   0.0 |       0 |      11 |   0.0 |  1389
        Lair:2 |       0 |    4170 |   0.0 |       0 |      18 |   0.0 |   420
         Orc:1 |       0 |    3104 |   0.0 |       0 |      34 |   0.0 |  1665
         Orc:2 |       0 |    5305 |   0.0 |       0 |      54 |   0.0 |  2124
               +---------+---------+-------+---------+---------+-------+---------
